 Dungeon Crawl Stone Soup version 0.20.1-1-g8b1a95d (webtiles) character file.

330199 dstrtn the Markscentaur (level 20, -1/178 HPs)
             Began as a Centaur Chaos Knight on Oct 12, 2017.
             Slain by a dire flail of draining (9 damage)
             ... on level 2 of the Orcish Mines on Oct 13, 2017.
             The game lasted 05:27:15 (49884 turns).

dstrtn the Markscentaur (Centaur Chaos Knight)     Turns: 49884, Time: 05:27:15

Health: -1/178     AC: 18    Str: 22    XL:     20   Next: 84%
Magic:  23/28      EV: 12    Int:  8    God:    Xom [...*..]
Gold:   1445       SH:  0    Dex: 19    Spells: 6/27 levels left

rFire    . . .     SeeInvis .   a - +0 glaive
rCold    . . .     Gourm    .   (shield currently unavailable)
rNeg     . . .     Faith    .   M - +3 scale mail of Seanoe {rF+ Int-3 Slay+4}
rPois    .         Spirit   .   r - +2 hat
rElec    .         Reflect  .   R - +1 cloak of a bazaar {rF- rCorr Dex+6 Slay+2}
rCorr    +         Harm     .   d - +1 pair of gloves
MR       ++...                  (no barding)
Stlth    ..........             X - amulet of regeneration
Regen    2.0/turn               y - ring of protection from magic
MPRegen  0.3/turn               s - +2 ring of evasion

@: very slightly contaminated, extremely drained, very quick
A: beak, hooves 3, yellow scales 1, deformed body, speed 2, high mp 1,
regeneration 3, screaming 2, strong 1, tough skin 3, MP-powered wands
}: 2/15 runes: decaying, gossamer
a: Renounce Religion


You were on level 2 of the Orcish Mines.
You worshipped Xom.
You were a favourite toy of Xom.
You were not hungry.

You visited 7 branches of the dungeon, and saw 36 of its levels.

You collected 3976 gold pieces.
You spent 2531 gold pieces at shops.

Inventory:

Hand Weapons
 a - a +0 glaive (weapon)
 b - a +0 longbow
Missiles
 h - 369 arrows
Armour
 d - a +1 pair of gloves (worn)
 r - a +2 hat (worn)
 M - the +3 scale mail of Seanoe (worn) {rF+ Int-3 Slay+4}
   (You found it on level 1 of the Swamp)

   It affects your intelligence (-3).
   It affects your accuracy and damage with ranged weapons and melee attacks
   (+4).
   It protects you from fire.
 R - the +1 cloak of a bazaar (worn) {rF- rCorr Dex+6 Slay+2}
   (You bought it in a shop on level 2 of the Orcish Mines)

   It affects your dexterity (+6).
   It affects your accuracy and damage with ranged weapons and melee attacks
   (+2).
   It makes you vulnerable to fire.
   It protects you from acid and corrosion.
Jewellery
 s - a +2 ring of evasion (right hand)
 u - an uncursed ring of poison resistance
 y - a ring of protection from magic (left hand)
 I - an uncursed ring of flight
 N - an uncursed ring of positive energy
 O - a +3 amulet of reflection
 X - an amulet of regeneration (around neck)
Wands
 q - a wand of iceblast (7/15)
 G - a wand of clouds (2/9)
 W - a wand of digging (6/24)
Scrolls
 f - a scroll of recharging
 k - 12 scrolls of fog
 m - 5 scrolls of enchant armour
 t - 17 scrolls of remove curse
 v - 16 scrolls of teleportation
 w - 7 scrolls of immolation
 A - 4 scrolls of enchant weapon
 C - a scroll of magic mapping
 D - 3 scrolls of holy word
 P - 3 scrolls of identify
 Q - a scroll of blinking
 U - 4 scrolls of silence
 Y - 3 scrolls of summoning
Potions
 e - 4 potions of curing
 g - a potion of cancellation
 j - 4 potions of agility
 n - 10 potions of ambrosia
 o - 4 potions of haste
 p - 4 potions of invisibility
 x - 3 potions of heal wounds
 z - 8 potions of mutation
 B - 3 potions of lignification
 E - 2 potions of resistance
 F - 3 potions of berserk rage
 K - 5 potions of brilliance
 Z - a potion of flight
Miscellaneous
 l - a sack of spiders
 L - a lightning rod (4/4)
Comestibles
 c - 16 bread rations
 i - 3 royal jellies
 H - 10 meat rations
 T - 3 chunks of flesh
 V - 19 fruits


   Skills:
 + Level 15.0(6.9) Fighting
 - Level 14.2(6.2) Polearms
 - Level 20.0(10.9) Bows
 - Level 11.0(3.6) Armour
 - Level 11.6(4.1) Dodging
 - Level 4.0(0.0) Spellcasting
 - Level 7.0(0.3) Hexes
 - Level 6.1(0.0) Charms
 - Level 6.0(0.0) Necromancy
 + Level 7.4(0.7) Translocations
 + Level 6.3(0.0) Transmutations
 + Level 6.1(0.0) Earth Magic


You had 6 spell levels left.
You knew the following spells:

 Your Spells              Type           Power        Failure   Level  Hunger
a - Animate Skeleton      Necr           N/A          73%         1    ##.....
b - Apportation           Tloc           #.....       63%         1    ##.....
c - Conjure Flame         Conj/Fire      #.......     97%         3    ####...
d - Passage of Golubria   Tloc           N/A          100%        4    #####..
l - Blink                 Tloc           N/A          77%         2    ###....
p - Portal Projectile     Hex/Tloc       #.....       95%         3    ####...
r - Regeneration          Chrm/Necr      #.........   97%         3    ####...
w - Passwall              Tmut/Erth      #.........   86%         2    ###....
R - Corpse Rot            Necr           N/A          86%         2    ###....


Dungeon Overview and Level Annotations

Branches:
Dungeon (15/15)            Temple (0/1) D:4            Lair (6/6) D:9
  Swamp (4/4) Lair:2       Spider (4/4) Lair:2        Slime (0/5) Lair:5
    Orc (2/2) D:11            Elf (1/3) Orc:2        Vaults (4/5) D:13
  Crypt (0/3) Vaults:2     Depths (0/5) D:15

Altars:
Cheibriados
Dithmenos
Fedhas
Gozag
Makhleb
Okawaru
Qazlal
Ru
Trog
Uskayaw
Vehumet
Xom
Zin
Jiyva

Shops:
D:12 [   Orc:2 [::(

Annotations:
D:8 exclusion: 2 oklob plants
Lair:5 exclusion: 4 oklob plants
Spider:3 exclusion: downstairs
Spider:4 exclusion: Roxanne, Roxanne


Innate Abilities, Weirdness & Mutations

You have hooves in place of feet.
Armour fits poorly on your strangely shaped body.
You cover ground very quickly.
You have extremely tough skin. (AC +3)
You have a beak for a mouth.
You are partially covered in yellow scales. (AC +2)
You have an increased reservoir of magic. (+10% MP)
You regenerate.
You sometimes yell uncontrollably at your foes.
Your muscles are strong. (Str +2)
You expend magic power (3 MP) to strengthen your wands.


Message History

You feel drained.
* * * LOW HITPOINT WARNING * * *
Something hits you!
* * * LOW HITPOINT WARNING * * *
You feel drained.
* * * LOW HITPOINT WARNING * * *
Your orc wizard skeleton is engulfed in seething chaos.
Your orc wizard skeleton seems to slow down.
Your orc wizard skeleton closely misses something.
Okay, then.
Blink to where?
Press: ? - help, Dir - move target cursor You are very lightly contaminated with residual magic.
As you read the scroll of blinking, it crumbles to dust.
Your orc wizard skeleton is engulfed in seething chaos.
Something hits you!!
* * * LOW HITPOINT WARNING * * *
You feel drained.
You die... "What!?
That's it?"

##.###.####.#......
#...#...##...#.#...
#.......##.##..[..
##.#....##.#......
####>#.............. ###
##.#.).....#.....#... ##.##
#.........#.......... #...
##..[[.§..............
##.#####....@§[...##.........
####....##..ZZ{)[....##.........
##.###.....[.§).................Z
#...#.......§...#.....##.........
#.......[.§#§§.......####.......
##.....[..#######.....#.##..[....
#.......###.....##........)[.....
....[..##∩...)._.###.............
.....)##...........#..[..........


You could see 2 friendly orc wizard skeletons.

Vanquished Creatures
  Mara (Vaults:2)
  Arachne (Spider:3)
  A bone dragon (Vaults:2)
  A storm dragon (Vaults:4)
  2 sphinxes
  3 thorn hunters
  The ghost of bartek7090 the Severer, an adept DsFi of Trog (Spider:4)
  2 fire giants
  A deep elf sorcerer (Vaults:2)
  2 frost giants
  2 ghost moths (Spider:4)
  3 vault wardens
  9 emperor scorpions
  A ghoul (Vaults:4)
  6 stone giants
  11 ironheart preservers
  13 entropy weavers
  Azrael (D:12)
  A deep elf annihilator (Vaults:4)
  A spark wasp (Spider:4)
  A deep elf death mage (Vaults:4)
  A crystal guardian (Vaults:4)
  2 ettins
  A minotaur (D:13)
  4 yaktaur captains
  A fire dragon (Vaults:1)
  A rakshasa (Vaults:2)
  Josephine (Lair:4)
  Fannar (D:12)
  3 vault guards (Vaults:4)
  Erolcha (D:10)
  16 hydras
  3 ice dragons
  9 centaur warriors
  2 death knights
  A ghost crab (Swamp:3)
  5 alligators
  4 catoblepae (Lair:6)
  25 two-headed ogres
  A queen ant (Spider:1)
  2 dancing weapons
  A death yak (shapeshifter) (D:12)
  8 ogre magi
  4 death yaks (Lair:6)
  A tengu warrior (D:15)
  2 deep troll earth magi (Vaults:3)
  3 orc high priests (Orc:2)
  2 spriggan berserkers (Swamp:4)
  5 deep elf knights
  A fire crab (Spider:4)
  A shock serpent (Lair:5)
  7 skeletal warriors (D:15)
  A spriggan druid (Swamp:4)
  7 deep trolls
  4 unseen horrors
  A flayed ghost (Vaults:4)
  2 shambling mangroves (Swamp:3)
  2 swamp dragons (Swamp:4)
  A phantasmal warrior (Vaults:4)
  6 deep elf archers
  7 ironbrand convokers
  3 wizards
  2 lindwurms (shapeshifter)
  10 deep elf magi
  3 necromancers
  15 orc knights
  An orb spider (shapeshifter) (D:13)
  37 wolf spiders
  An oklob plant (Lair:5)
  5 cyclopes
  19 orb spiders
  21 ugly things
  2 orc sorcerers (Orc:2)
  2 manticores
  A fire giant zombie (Vaults:4)
  A mana viper (Spider:3)
  A salamander (Lair:6)
  A moth of wrath (Spider:4)
  9 elephants
  3 centaur zombies
  9 vault sentinels
  4 black mambas
  5 torpor snails
  4 gargoyles
  A human zombie (Vaults:4)
  11 spiny frogs
  A rime drake (Lair:6)
  2 centaur skeletons (D:15)
  7 komodo dragons
  24 yaktaurs
  14 demonic crawlers
  5 freezing wraiths
  A harpy zombie (D:14)
  6 tyrant leeches
  A jumping spider (shapeshifter) (Vaults:4)
  A meliai (shapeshifter) (Vaults:1)
  A wind drake (shapeshifter) (Vaults:4)
  7 trolls
  A meliai (Lair:6)
  37 jumping spiders
  A blink frog (shapeshifter) (Lair:3)
  20 hornets
  11 blink frogs
  7 hippogriffs
  32 slime creatures
  A bog body (Swamp:4)
  A frost giant simulacrum (Vaults:3)
  A stone giant simulacrum (Vaults:4)
  A dream sheep (D:8)
  126 redbacks
  A vampire (D:13)
  A spriggan (shapeshifter) (Vaults:3)
  3 water elementals (D:14)
  9 spriggans
  2 fire elementals (D:12)
  4 shadows
  30 tarantellas
  4 wyverns
  3 wraiths (Lair:4)
  A yak (shapeshifter) (Vaults:2)
  24 yaks
  2 hungry ghosts
  3 elf skeletons (Vaults:4)
  16 vampire mosquitoes
  2 human simulacra
  16 swamp worms
  4 soldier ants
  A swamp worm (shapeshifter) (Lair:2)
  Menkaure (D:7)
  12 insubstantial wisps
  A soldier ant (shapeshifter) (Vaults:4)
  An acid dragon (Vaults:2)
  5 water moccasins
  6 porcupines
  4 hell hounds (D:12)
  A floating eye (Lair:2)
  An eye of draining (shapeshifter) (Vaults:2)
  9 swamp drakes
  2 phantoms (D:8)
  4 sky beasts
  An ettin simulacrum (Vaults:1)
  An ice beast (D:9)
  2 black bears
  An eye of draining (Vaults:3)
  28 ogres
  29 orc warriors
  4 necrophages
  A hornet zombie (D:15)
  6 boggarts
  10 wolves
  14 centaurs
  A centaur (shapeshifter) (D:15)
  15 bullfrogs
  15 crocodiles
  4 big kobolds
  3 gnoll sergeants
  An elf simulacrum (Vaults:1)
  A wyvern zombie (D:12)
  A scorpion (D:12)
  A water moccasin zombie (D:5)
  4 killer bees
  10 wights
  An electric eel (Spider:4)
  2 bullfrog zombies
  7 crimson imps
  2 quasits
  3 bullfrog skeletons
  5 hounds
  2 jellies
  22 orc priests
  2 iguanas
  33 orc wizards
  13 worker ants
  6 gnolls
  14 adders
  2 shadow imps
  An adder zombie (D:7)
  3 adder skeletons (D:4)
  2 worms (D:4)
  A dart slug (D:3)
  8 leopard geckos
  83 orcs
  A ball python (D:5)
  7 bats
  8 giant cockroaches
  7 goblins
  8 hobgoblins
  4 jackals
  13 kobolds
  3 quokkas
  7 frilled lizards
  A jackal skeleton (D:7)
  A leopard gecko zombie (D:6)
  2 quokka skeletons
  2 quokka zombies
  6 rats
  2 plants
1304 creatures vanquished.

Vanquished Creatures (collateral kills)
  A sphinx (Vaults:3)
  A vault warden (D:13)
  3 ironheart preservers
  An entropy weaver (Vaults:4)
  A fire dragon (Vaults:1)
  A great orb of eyes (Vaults:2)
  9 hydras
  A vault guard (Vaults:4)
  A catoblepas (Lair:5)
  4 ogre magi
  12 two-headed ogres
  2 death yaks (Lair:6)
  A spriggan berserker (Swamp:4)
  A deep elf knight (Vaults:2)
  A skeletal warrior (D:15)
  A spriggan druid (Swamp:4)
  A deep elf archer (Vaults:3)
  9 swamp dragons (Swamp:4)
  2 ironbrand convokers
  2 orc knights (Vaults:1)
  A manticore (Lair:6)
  An orc sorcerer (Vaults:1)
  5 ugly things
  11 elephants
  A black mamba (Lair:6)
  2 vault sentinels
  A torpor snail (Lair:2)
  3 spiny frogs
  3 yaktaurs
  3 rime drakes
  A demonic crawler (Spider:2)
  2 komodo dragons
  A troll (shapeshifter) (Vaults:1)
  A tyrant leech (Swamp:2)
  A hornet (Swamp:3)
  3 bog bodies (Swamp:4)
  3 hippogriffs
  A slime creature (Vaults:2)
  A dream sheep (D:8)
  7 blink frogs
  2 spriggans
  2 redbacks
  A wraith (Lair:4)
  A basilisk (Lair:5)
  11 yaks
  3 vampire mosquitoes
  A swamp worm (Swamp:4)
  Duvessa (D:6)
  3 water moccasins
  3 swamp drakes (Swamp:4)
  2 porcupines
  4 orc warriors
  An ice beast (D:8)
  A sky beast (D:4)
  A necrophage (Swamp:2)
  5 ogres
  3 crocodiles
  A bullfrog (D:10)
  2 gnoll sergeants (D:11)
  Dowan (D:6)
  A scorpion (D:8)
  A human simulacrum (Vaults:2)
  4 wights (D:8)
  2 orc priests
  3 orc wizards
  2 gnolls (D:11)
  An adder (D:8)
  An adder skeleton (D:8)
  6 orcs
  A bat (D:6)
  A jackal skeleton (D:8)
  3 fungi
  3 plants (Lair:6)
185 creatures vanquished.

Vanquished Creatures (others)
  A spark wasp (Spider:4)
  4 dancing weapons
  A deep elf mage (Vaults:4)
  An orc sorcerer (Orc:2)
  An ugly thing (Vaults:1)
  A hornet (Swamp:3)
  A spriggan (Swamp:3)
  A redback (Spider:4)
  A wyvern (D:13)
  An acid dragon (Vaults:2)
  2 centaurs (D:12)
  A crocodile (Lair:5)
  2 killer bees (D:13)
  2 orc priests
  An orc wizard (Orc:2)
  An orc (Orc:2)
  A bush (Lair:4)
  21 fungi
  26 plants
70 creatures vanquished.

Grand Total: 1559 creatures vanquished

Notes
Turn   | Place    | Note
-------+----------+-------------------------------------------
     0 | D:1      | dstrtn the Centaur Chaos Knight began the quest for the Orb.
     0 | D:1      | Reached XP level 1. HP: 19/19 MP: 1/1
    36 | D:1      | XOM: harmless Pois miscast
    55 | D:1      | XOM: potion effect (agility)
   137 | D:1      | XOM: silly message
   160 | D:1      | Reached XP level 2. HP: 26/26 MP: 2/2
   432 | D:1      | XOM: silly message
   506 | D:2      | Found a shadowy altar of Dithmenos.
   583 | D:2      | XOM: silly message
   692 | D:2      | XOM: silly message
   716 | D:2      | XOM: divination: detect items
   830 | D:2      | XOM: cloud trail
   925 | D:2      | Reached XP level 3. HP: 31/31 MP: 3/3
  1214 | D:3      | XOM: silly message
  1242 | D:3      | XOM: harmless Tmut miscast
  1296 | D:3      | XOM: noise
  1377 | D:3      | Reached XP level 4. HP: 38/38 MP: 4/4
  1512 | D:3      | XOM: medium Hex miscast
  1558 | D:3      | XOM: mild Summ miscast
  1828 | D:3      | XOM: enchant monster (bad)
  1843 | D:3      | XOM: mild Air miscast
  1843 | D:3      | XOM: smoke on damage
  2258 | D:3      | XOM: give mutation
  2258 | D:3      | Gained mutation: You are frail. (-10% HP) [Xom's mischief]
  2343 | D:4      | Found Edecrero's Distillery.
  2354 | D:4      | Bought a potion of might for 56 gold pieces
  2354 | D:4      | Bought a potion of curing for 42 gold pieces
  2569 | D:4      | Found a staircase to the Ecumenical Temple.
  2634 | D:4      | XOM: give mutations
  2634 | D:4      | Gained mutation: You occasionally shout uncontrollably at your foes. [Xom's mischief]
  2634 | D:4      | Gained mutation: You are resistant to electric shocks. (rElec) [Xom's mischief]
  2634 | D:4      | Gained mutation: Your body sometimes deteriorates upon taking damage. [Xom's mischief]
  2645 | D:4      | XOM: blink monster(s)
  2699 | D:4      | XOM: torment (19/36 hp)
  2752 | D:4      | Found a radiant altar of Vehumet.
  2776 | D:4      | XOM: 3-stop teleportation journey
  2809 | D:4      | Reached XP level 5. HP: 31/41 MP: 5/5
  2934 | D:4      | Noticed a sky beast
  2935 | D:4      | XOM: cast spell 'Summon Mana Viper'
  2943 | D:4      | Killed a sky beast
  2943 | D:4      | Reached skill level 5 in Polearms
  2995 | D:4      | Noticed a sky beast
  2999 | D:4      | XOM: god gift: runed war axe {god gift}
  3000 | D:4      | XOM: summons 4 friendly demons
  3008 | D:4      | Killed a sky beast
  3008 | D:4      | Reached XP level 6. HP: 47/47 MP: 6/6
  3327 | D:5      | Entered Level 5 of the Dungeon
  3478 | D:5      | XOM: 2-stop teleportation journey
  3486 | D:5      | XOM: give mutations
  3486 | D:5      | Gained mutation: You are partially covered in molten scales. (AC +2) [Xom's grace]
  3486 | D:5      | Gained mutation: Your skin changes colour to match your surroundings (Stealth+). [Xom's grace]
  3486 | D:5      | Gained mutation: Your muscles are strong. (Str +2) [Xom's grace]
  3488 | D:5      | XOM: summons 6 friendly demons
  3495 | D:5      | Reached skill level 2 in Bows
  3550 | D:5      | Found a hide-covered altar of Uskayaw.
  3625 | D:5      | Noticed a sky beast
  3643 | D:5      | Killed a sky beast
  3643 | D:5      | Reached skill level 3 in Bows
  3643 | D:5      | Reached XP level 7. HP: 38/54 MP: 7/7
  3890 | D:5      | XOM: mild Ice miscast
  3998 | D:5      | XOM: give mutations
  3998 | D:5      | Gained mutation: You are partially covered in yellow scales. (AC +2) [Xom's grace]
  3998 | D:5      | Gained mutation: Your muscles are very strong. (Str +4) [Xom's grace]
  3998 | D:5      | Gained mutation: You have a beak for a mouth. [Xom's grace]
  4028 | D:5      | XOM: cleaving
  4033 | D:5      | Reached skill level 4 in Bows
  4133 | D:6      | Found a stormy altar of Qazlal.
  4191 | D:6      | Noticed a hornet
  4200 | D:6      | Killed a hornet
  4200 | D:6      | Reached skill level 6 in Bows
  4234 | D:6      | Reached skill level 7 in Bows
  4385 | D:6      | Noticed Duvessa
  4385 | D:6      | Noticed Dowan
  4438 | D:6      | Killed Duvessa
  4438 | D:6      | Reached skill level 1 in Dodging
  4438 | D:6      | Reached XP level 8. HP: 36/60 MP: 8/8
  4441 | D:6      | Killed Dowan
  4492 | D:6      | Found a sacrificial altar of Ru.
  4497 | D:6      | XOM: give mutation
  4497 | D:6      | Gained mutation: Your mind is acute. (Int +2) [Xom's grace]
  4767 | D:6      | Found an iron altar of Okawaru.
  4813 | D:6      | Reached skill level 5 in Fighting
  4942 | D:6      | XOM: cloud trail
  5115 | D:6      | Reached skill level 8 in Bows
  5137 | D:7      | Noticed Menkaure
  5137 | D:7      | XOM: god gift: 34 gold pieces
  5194 | D:7      | XOM: scenery: create altars
  5292 | D:7      | Found a glowing silver altar of Zin.
  5292 | D:7      | Noticed an angel
  5335 | D:7      | XOM: confusion (+ monsters)
  5426 | D:7      | Killed Menkaure
  5504 | D:7      | Learned a level 3 spell: Conjure Flame
  5535 | D:7      | Learned a level 1 spell: Animate Skeleton
  5539 | D:7      | Learned a level 3 spell: Regeneration
  5567 | D:7      | XOM: silly message
  5571 | D:7      | XOM: scenery: create altars
  5575 | D:7      | XOM: snakes to sticks
  5645 | D:7      | XOM: cast spell 'Summon Mana Viper'
  5676 | D:7      | Reached skill level 1 in Necromancy
  5689 | D:7      | XOM: enchant monster (good)
  5783 | D:7      | XOM: mild Conj miscast
  5922 | D:7      | Reached skill level 9 in Bows
  6011 | D:8      | Reached XP level 9. HP: 50/66 MP: 9/9
  6069 | D:8      | XOM: 1-stop teleportation journey
  6168 | D:8      | XOM: confusion (+ monsters)
  6203 | D:8      | XOM: summons 1 hostile demon
  6271 | D:8      | Noticed a two-headed ogre
  6273 | D:8      | XOM: fog
  6276 | D:8      | XOM: summons friendly white imp
  6298 | D:8      | Killed a two-headed ogre
  6298 | D:8      | Reached skill level 10 in Bows
  6310 | D:8      | Noticed a two-headed ogre
  6348 | D:8      | Killed a two-headed ogre
  6697 | D:8      | Found a blossoming altar of Fedhas.
  6699 | D:8      | Noticed an oklob plant
  6699 | D:8      | Noticed an oklob plant
  6764 | D:8      | XOM: potion effect (brilliance)
  6842 | D:8      | XOM: cast spell 'Summon Butterflies'
  6856 | D:8      | XOM: divination: magic mapping
  6860 | D:8      | XOM: enchant monster (good)
  7180 | D:8      | XOM: noise
  7276 | D:8      | XOM: summons 2 friendly demons
  7282 | D:8      | Reached XP level 10. HP: 74/74 MP: 10/10
  7387 | D:8      | Reached skill level 11 in Bows
  7418 | D:8      | Noticed a three-headed hydra
  7419 | D:8      | XOM: destruction
  7445 | D:8      | XOM: potion effect (heal wounds)
  7453 | D:8      | XOM: potion effect (haste)
  7477 | D:8      | Killed a three-headed hydra
  7637 | D:9      | XOM: mild Fire miscast
  7660 | D:9      | XOM: cleaving
  7716 | D:8      | XOM: give mutations
  7716 | D:8      | Lost mutation: Your body sometimes deteriorates upon taking damage. [Xom's mischief]
  7716 | D:8      | Lost mutation: You are frail. (-10% HP) [Xom's mischief]
  7716 | D:8      | Gained mutation: Your flesh is cold resistant. (rC+) [Xom's mischief]
  7716 | D:8      | Gained mutation: Your body sometimes deteriorates upon taking damage. [Xom's mischief]
  7910 | D:9      | XOM: enchant monster (good)
  7912 | D:9      | Reached skill level 5 in Dodging
  8010 | D:9      | Found a staircase to the Lair.
  8148 | D:9      | XOM: swap monsters
  8149 | D:9      | XOM: harmless Air miscast
  8240 | D:8      | XOM: divination: detect creatures
  8289 | D:8      | XOM: noise
  8296 | D:8      | XOM: cast spell 'Leda's Liquefaction'
  8328 | D:8      | XOM: summons friendly white imp
  8675 | D:9      | XOM: harmless Conj miscast
  8712 | D:9      | Found a bloodstained altar of Trog.
  8715 | D:9      | XOM: silly message
  8911 | Lair:1   | Entered Level 1 of the Lair of Beasts
  8998 | Lair:1   | Reached skill level 12 in Bows
  9108 | Lair:1   | XOM: divination: detect items
  9112 | Lair:1   | XOM: divination: detect items
  9147 | Lair:1   | XOM: smoke on damage
  9172 | Lair:1   | XOM: swap monsters
  9181 | Lair:1   | XOM: mild Pois miscast
  9266 | Lair:1   | XOM is BORED!
  9266 | Lair:1   | XOM: severe Erth miscast
  9266 | Lair:1   | HP: 4/86 [the severe capriciousness of Xom (31)]
  9330 | Lair:1   | XOM: give mutations
  9330 | Lair:1   | Gained mutation: You are partially covered in slimy green scales. (AC +2) [Xom's grace]
  9330 | Lair:1   | Gained mutation: You are covered in fur. (AC +1) [Xom's grace]
  9330 | Lair:1   | Gained mutation: You evolve. [Xom's grace]
  9608 | Lair:1   | XOM: 1-stop teleportation journey
  9698 | D:9      | XOM: god gift: wand of lightning (?/15) {god gift}
  9701 | D:9      | XOM: destruction
  9738 | Lair:1   | Reached skill level 1 in Charms
  9768 | Lair:1   | XOM: god gift: scroll of teleportation
  9852 | Lair:1   | Got a smelly ring mail
  9863 | Lair:1   | Identified the +4 ring mail of Leaves {*Corrode rPois Regen+} (You found it on level 1 of the Lair of Beasts)
  9897 | Lair:1   | XOM: give mutations
  9897 | Lair:1   | Gained mutation: You can translocate small distances at will. [Xom's grace]
  9897 | Lair:1   | Gained mutation: You are covered in thick fur. (AC +2) [Xom's grace]
 10023 | Lair:1   | Reached XP level 11. HP: 73/92 MP: 10/12
 10129 | Lair:1   | XOM: scenery: create altars
 10193 | Lair:1   | Reached skill level 1 in Spellcasting
 10300 | Lair:1   | XOM: give mutations
 10300 | Lair:1   | Lost mutation: You evolve. [Xom's mischief]
 10300 | Lair:1   | Lost mutation: You are partially covered in slimy green scales. (AC +2) [Xom's mischief]
 10300 | Lair:1   | Lost mutation: Your body sometimes deteriorates upon taking damage. [Xom's mischief]
 10300 | Lair:1   | Lost mutation: Your mind is acute. (Int +2) [Xom's mischief]
 10495 | Lair:2   | XOM: fog
 10507 | Lair:2   | XOM: give mutation
 10507 | Lair:2   | Gained mutation: You are partially covered in large bone plates. (SH +4) [Xom's grace]
 10565 | Lair:2   | Noticed a six-headed hydra
 10573 | Lair:2   | XOM: summons 6 friendly demons
 10590 | Lair:2   | XOM: fog
 10619 | Lair:2   | XOM: potion effect (invisibility)
 10620 | Lair:2   | XOM: potion effect (curing)
 10634 | Lair:2   | XOM: blink monster(s)
 10637 | Lair:2   | XOM: noise
 10652 | Lair:2   | Killed a six-headed hydra
 10655 | Lair:2   | XOM: noise
 10757 | Lair:2   | Found a staircase to the Swamp.
 10780 | Lair:2   | Reached skill level 5 in Necromancy
 10936 | Lair:2   | Found a snail-covered altar of Cheibriados.
 10948 | Lair:2   | XOM: fog
 11037 | Lair:2   | Found an opulent altar of Gozag.
 11058 | Lair:2   | XOM: polymorph hippogriff -> shapeshifter
 11060 | Lair:2   | XOM: harmless Erth miscast
 11071 | Lair:2   | XOM: 1-stop teleportation journey
 11087 | Lair:2   | Noticed an eight-headed hydra
 11278 | Lair:1   | XOM: give mutations
 11278 | Lair:1   | Gained mutation: You have sharp fingernails. [Xom's grace]
 11278 | Lair:1   | Gained mutation: Your system is resistant to poisons. (rPois) [Xom's grace]
 11278 | Lair:1   | Gained mutation: Your natural rate of healing is unusually fast. [Xom's grace]
 11278 | Lair:1   | Gained mutation: You are agile. (Dex +2) [Xom's grace]
 11284 | Lair:2   | XOM: fog
 11285 | Lair:2   | XOM: summons 2 friendly demons
 11304 | Lair:2   | XOM: enchant monster (good)
 11309 | Lair:2   | XOM: mild Tloc miscast
 11338 | Lair:2   | Noticed an orb spider
 11364 | Lair:2   | Noticed a sea snake
 11364 | Lair:2   | an orb spider changed into a sea snake
 11374 | Lair:2   | XOM: summons friendly shadow imp
 11504 | Lair:2   | Found a hole to the Spider Nest.
 11506 | Lair:2   | XOM: polymorph redback -> floating eye
 11509 | Lair:2   | Paralysed by a floating eye for 2 turns
 11752 | Lair:2   | Noticed a death drake
 11896 | Lair:2   | XOM: harmless Tmut miscast
 11898 | Lair:2   | XOM: repel stairs
 11912 | Lair:2   | XOM: harmless Erth miscast
 11943 | Lair:2   | Killed an eight-headed hydra
 12133 | Lair:3   | XOM: divination: magic mapping
 12218 | Lair:3   | XOM: polymorph water moccasin -> human
 12291 | Lair:3   | Learned a level 2 spell: Passwall
 12459 | Lair:3   | XOM: blink monster(s)
 12468 | Lair:3   | Reached skill level 1 in Transmutations
 12468 | Lair:3   | Reached skill level 1 in Earth Magic
 12558 | Lair:3   | XOM: cast spell 'Alistair's Intoxication'
 12571 | Lair:3   | XOM: confuse monster(s)
 12662 | Lair:3   | XOM: god gift: notched onyx ring {god gift}
 12738 | Lair:3   | XOM: butterfly on damage
 12759 | Lair:3   | XOM: silly message
 12775 | Lair:3   | XOM: cast spell 'Call Canine Familiar'
 12838 | Lair:3   | XOM: divination: detect creatures
 13054 | Lair:4   | XOM: divination: magic mapping
 13058 | Lair:4   | XOM: cast spell 'Ring of Flames'
 13059 | Lair:4   | XOM: cast spell 'Alistair's Intoxication'
 13061 | Lair:4   | Reached XP level 12. HP: 100/100 MP: 13/13
 13162 | Lair:4   | Noticed Josephine
 13170 | Lair:4   | XOM: cast spell 'Shadow Creatures'
 13175 | Lair:4   | XOM: divination: detect creatures
 13178 | Lair:4   | Killed Josephine
 13298 | Lair:4   | XOM: cast spell 'Death Channel'
 13327 | Lair:4   | Reached skill level 13 in Bows
 13481 | Lair:4   | Noticed an eight-headed hydra
 13496 | Lair:4   | Killed an eight-headed hydra
 13541 | Lair:4   | Learned a level 2 spell: Blink
 13754 | Lair:5   | Noticed a catoblepas
 13835 | Lair:5   | XOM: summons 7 friendly demons
 13851 | Lair:5   | Reached skill level 1 in Translocations
 13974 | Lair:5   | Killed a catoblepas
 13984 | Lair:5   | Reached skill level 14 in Bows
 14114 | Lair:5   | Noticed a five-headed hydra
 14114 | Lair:5   | Noticed a four-headed hydra
 14116 | Lair:5   | XOM: swap monsters
 14211 | Lair:5   | XOM: summons friendly shadow imp
 14216 | Lair:5   | XOM: scenery: create altars
 14217 | Lair:5   | XOM: destruction
 14244 | Lair:5   | XOM: cleaving
 14248 | Lair:5   | XOM: destruction
 14259 | Lair:5   | XOM: divine lightning
 14271 | Lair:5   | XOM: noise
 14275 | Lair:5   | XOM: confuse monster(s)
 14287 | Lair:5   | Killed a five-headed hydra
 14293 | Lair:5   | XOM: confusion
 14295 | Lair:5   | XOM: confusion (+ monsters)
 14413 | Lair:5   | Killed a five-headed hydra
 14635 | Lair:5   | Noticed a six-headed hydra
 14636 | Lair:5   | Noticed a five-headed hydra
 14641 | Lair:5   | XOM: confusion (+ monsters)
 14684 | Lair:5   | XOM: confuse monster(s)
 14697 | Lair:5   | Killed a five-headed hydra
 14722 | Lair:5   | XOM: divine lightning
 14725 | Lair:5   | XOM: enchant monster (good)
 14742 | Lair:5   | XOM: cast spell 'Leda's Liquefaction'
 14744 | Lair:5   | XOM: fog
 14755 | Lair:5   | XOM: 4-stop teleportation journey
 14812 | Lair:5   | XOM: harmless Necr miscast
 15057 | Lair:5   | Noticed an entropy weaver
 15057 | Lair:5   | a six-headed hydra changed into an entropy weaver
 15057 | Lair:5   | XOM: polymorph six-headed hydra -> entropy weaver
 15059 | Lair:5   | XOM: noise
 15065 | Lair:5   | XOM: medium Hex miscast
 15130 | Lair:5   | XOM: destruction
 15131 | Lair:5   | Noticed an emperor scorpion
 15131 | Lair:5   | an entropy weaver changed into an emperor scorpion
 15131 | Lair:5   | XOM: polymorph entropy weaver -> emperor scorpion
 15206 | Lair:5   | XOM: summons friendly iron imp
 15230 | Lair:5   | XOM: scenery: 1 doors open
 15239 | Lair:5   | XOM: summons friendly ufetubus
 15242 | Lair:5   | XOM: polymorph elephant -> shock serpent
 15253 | Lair:5   | XOM: enchant monster (good)
 15255 | Lair:5   | XOM: enchant monster (bad)
 15262 | Lair:5   | XOM: mild Erth miscast
 15267 | Lair:5   | XOM: summons 4 friendly demons
 15283 | Lair:5   | XOM: harmless Tmut miscast
 15297 | Lair:5   | XOM: enchant monster (good)
 15299 | Lair:5   | XOM: enchant monster (good)
 15314 | Lair:5   | XOM: enchant monster (good)
 15316 | Lair:5   | Reached XP level 13. HP: 83/108 MP: 14/14
 15332 | Lair:5   | XOM: summons friendly white imp
 15348 | Lair:5   | XOM: destruction
 15364 | Lair:5   | XOM: polymorph emperor scorpion -> emperor scorpion
 15366 | Lair:5   | XOM: fake destruction
 15371 | Lair:5   | XOM: divine lightning
 15377 | Lair:5   | XOM: fog
 15400 | Lair:5   | XOM: summons friendly ice devil
 15422 | Lair:5   | Killed an emperor scorpion
 15562 | Lair:6   | Entered Level 6 of the Lair of Beasts
 15627 | Lair:6   | Noticed Snorg
 15739 | Lair:5   | Found a viscous altar of Jiyva.
 15739 | Lair:5   | Found a staircase to the Slime Pits.
 15818 | Lair:5   | XOM: noise
 15885 | Lair:6   | XOM: cleaving
 16032 | Lair:6   | XOM: summons 4 hostile demons
 16091 | Lair:6   | Reached skill level 5 in Armour
 16099 | Lair:6   | XOM: scenery: create altars
 16113 | Lair:6   | Reached skill level 10 in Polearms
 16217 | Lair:6   | XOM: summons friendly neqoxec
 16374 | Lair:6   | XOM: give mutation
 16374 | Lair:6   | Gained mutation: You are robust. (+10% HP) [Xom's grace]
 16377 | Lair:6   | XOM: fog
 16384 | Lair:6   | XOM: divination: detect creatures
 16387 | Lair:6   | XOM: give mutations
 16387 | Lair:6   | Gained mutation: Your flesh is very cold resistant. (rC++) [Xom's grace]
 16387 | Lair:6   | Gained mutation: You heal very quickly. [Xom's grace]
 16387 | Lair:6   | Gained mutation: You have an increased reservoir of magic. (+10% MP) [Xom's grace]
 16390 | Lair:6   | XOM: fog
 16421 | Lair:6   | XOM: fog
 16435 | Lair:6   | XOM: scenery: create altars
 16436 | Lair:6   | XOM: confuse monster(s)
 16444 | Lair:6   | XOM: 7-stop teleportation journey
 16477 | Lair:6   | Noticed Snorg
 16477 | Lair:6   | Snorg changed into Snorg the meliai
 16477 | Lair:6   | XOM: polymorph Snorg -> Snorg the meliai
 16478 | Lair:6   | XOM: summons friendly shadow imp
 16486 | Lair:6   | Killed Snorg the meliai
 16509 | Lair:6   | XOM: cast spell 'Call Canine Familiar'
 16516 | Lair:6   | XOM: scenery: create altars
 16534 | Lair:6   | XOM: summons 6 friendly demons
 16549 | Lair:6   | XOM: medium Tmut miscast
 16554 | Lair:6   | XOM: confusion
 16556 | Lair:6   | XOM: noise
 16558 | Lair:6   | Gained mutation: Scrolls take you a little longer to read. [mutagenic glow]
 16612 | Lair:6   | Lost mutation: You are partially covered in large bone plates. (SH +4) [mutagenic glow]
 16649 | Lair:6   | Lost mutation: You are agile. (Dex +2) [mutagenic glow]
 16676 | Lair:6   | XOM: torment (66/118 hp)
 16695 | Lair:6   | XOM: enchant monster (bad)
 16711 | Lair:6   | XOM: confusion (+ monsters)
 16717 | Lair:6   | XOM: confuse monster(s)
 17007 | Lair:6   | XOM: harmless Pois miscast
 17055 | Lair:6   | XOM: summons 10 friendly demons
 17098 | Lair:6   | XOM: harmless Chrm miscast
 17101 | Lair:6   | XOM: polymorph yak -> hippogriff
 17109 | Lair:6   | XOM: summons 4 friendly demons
 17132 | Lair:6   | XOM: fog
 17139 | Lair:6   | XOM: swap monsters
 17152 | Lair:6   | XOM: summons 6 hostile demons
 17298 | Lair:6   | XOM: enchant monster (bad)
 17353 | Lair:6   | Got an encrusted scale mail
 17371 | Lair:6   | XOM: harmless Air miscast
 17381 | Lair:6   | XOM: confusion (+ monsters)
 17404 | Lair:6   | Identified the +5 scale mail "Ocygaimm" {rF+ rCorr Int+3} (You found it on level 6 of the Lair of Beasts)
 17474 | Lair:6   | XOM: swap monsters
 17502 | Lair:6   | Reached skill level 5 in Translocations
 17531 | Lair:6   | XOM: potion effect (haste)
 17536 | Lair:6   | XOM: cleaving
 17813 | Lair:6   | XOM: summons friendly quasit
 17833 | Lair:6   | XOM: potion effect (haste)
 17836 | Lair:6   | XOM: polymorph elephant -> salamander
 17838 | Lair:6   | XOM: potion effect (agility)
 17854 | Lair:6   | XOM: swap monsters
 17860 | Lair:6   | XOM: enchant monster (good)
 17863 | Lair:6   | XOM: cleaving
 17906 | Lair:6   | XOM: confuse monster(s)
 17973 | Lair:1   | XOM: god gift: gnarled jewelled staff {god gift}
 18067 | D:10     | Entered Level 10 of the Dungeon
 18146 | D:10     | XOM: god gift: glowing glass ring {god gift}
 18242 | D:10     | XOM is BORED!
 18242 | D:10     | XOM: 1-stop teleportation journey
 18243 | D:10     | Noticed Erolcha
 18274 | D:10     | XOM: chaos upgrade
 18290 | D:10     | XOM: summons 6 hostile demons
 18293 | D:10     | Lost mutation: Your muscles are very strong. (Str +4) [a neqoxec]
 18299 | D:10     | XOM: mild Air miscast
 18440 | D:10     | XOM: swap monsters
 18445 | D:10     | Killed Erolcha
 18452 | D:10     | Reached XP level 14. HP: 129/129 MP: 17/17
 18562 | D:10     | XOM: give mutation
 18562 | D:10     | Lost mutation: You are robust. (+10% HP) [Xom's mischief]
 18749 | D:10     | XOM: harmless Ice miscast
 19174 | D:11     | XOM: cloud trail
 19426 | D:11     | Found a staircase to the Orcish Mines.
 19485 | D:11     | XOM: potion effect (magic)
 19493 | D:11     | XOM: potion effect (agility)
 19759 | D:11     | XOM: divination: magic mapping
 20137 | D:11     | XOM: cloud trail
 20145 | Orc:1    | Entered Level 1 of the Orcish Mines
 20421 | Orc:2    | Entered Level 2 of the Orcish Mines
 20543 | Orc:1    | XOM: divination: detect items
 20602 | Orc:2    | XOM: fake destruction
 20679 | Orc:1    | XOM: enchant monster (good)
 20734 | Orc:1    | XOM: harmless Ice miscast
 21027 | Orc:2    | XOM: 1-stop teleportation journey
 21121 | Orc:2    | Found a staircase to the Elven Halls.
 21147 | Orc:1    | XOM: smoke on damage
 21164 | Orc:2    | XOM: give mutations
 21164 | Orc:2    | Lost mutation: Scrolls take you a little longer to read. [Xom's mischief]
 21164 | Orc:2    | Lost mutation: Your muscles are strong. (Str +2) [Xom's mischief]
 21185 | Orc:1    | XOM: enchant monster (bad)
 21189 | Orc:1    | XOM: harmless Tmut miscast
 21357 | Orc:1    | XOM: harmless Erth miscast
 21411 | Orc:1    | XOM: divination: detect creatures
 21487 | Orc:2    | XOM: summons friendly ufetubus
 21491 | Orc:2    | XOM: cleaving
 21497 | Orc:2    | XOM: summons 2 friendly demons
 21546 | Orc:2    | XOM: scenery: create altars
 21654 | Orc:2    | XOM: 8-stop teleportation journey
 21702 | Orc:2    | XOM: noise
 21706 | Orc:2    | XOM: silly message
 21724 | Orc:2    | XOM: harmless Erth miscast
 21738 | Orc:2    | XOM: harmless Tloc miscast
 21745 | Orc:2    | XOM: destruction
 21818 | Orc:2    | XOM: noise
 21845 | Orc:2    | XOM: butterfly on damage
 21856 | Orc:2    | XOM: enchant monster (good)
 21857 | Orc:2    | Reached skill level 15 in Bows
 21895 | Orc:2    | Found Meapn's Antique Weapon Emporium.
 21895 | Orc:2    | Found Bamil's Book Boutique.
 21899 | Orc:2    | Found Teduck's Antique Armour Boutique.
 21899 | Orc:2    | Found Xinuahir's Book Emporium.
 21908 | Orc:2    | Bought a translucent cloak for 285 gold pieces
 21913 | Orc:2    | Identified the +1 cloak of a bazaar {rF- rCorr Dex+6 Slay+2} (You bought it in a shop on level 2 of the Orcish Mines)
 21921 | Orc:2    | Bought a shimmering scythe for 288 gold pieces
 21928 | Orc:2    | Bought a twisted leather armour for 210 gold pieces
 21930 | Orc:2    | XOM: scenery: create altars
 21948 | Orc:2    | XOM: cloud trail
 21949 | Orc:2    | Found a burning altar of Makhleb.
 21994 | Orc:2    | XOM: give mutations
 21994 | Orc:2    | Lost mutation: You have sharp fingernails. [Xom's mischief]
 21994 | Orc:2    | Lost mutation: You can translocate small distances at will. [Xom's mischief]
 21994 | Orc:2    | Lost mutation: Your system is resistant to poisons. (rPois) [Xom's mischief]
 21994 | Orc:2    | Lost mutation: You are resistant to electric shocks. (rElec) [Xom's mischief]
 22172 | D:12     | Found Avugiew's Armour Boutique.
 22201 | D:12     | Noticed Fannar
 22229 | D:12     | Killed Fannar
 22319 | D:12     | XOM: swap monsters
 22376 | D:12     | Identified the +2 leather armour of Rituats {rN++ MR+ Dex+3} (You bought it in a shop on level 2 of the Orcish Mines)
 22468 | D:12     | Noticed Azrael
 22469 | D:12     | XOM: chaos cloud
 22470 | D:12     | XOM: 4-stop teleportation journey
 22474 | D:12     | Paralysed by a hornet for 2 turns
 22494 | D:12     | Got an ichor-stained leather armour
 22510 | D:12     | Identified the +1 leather armour of Evolution {Str+3} (You found it on level 12 of the Dungeon)
 22648 | D:12     | Killed Azrael
 22699 | D:12     | XOM: fog
 22840 | D:12     | XOM: 1-stop teleportation journey
 22933 | D:12     | XOM: harmless Fire miscast
 22985 | D:12     | XOM: silly message
 22989 | D:12     | Reached skill level 16 in Bows
 23090 | D:12     | XOM: mild Fire miscast
 23223 | D:13     | XOM: polymorph basilisk -> soldier ant
 23333 | D:13     | XOM: cast spell 'Alistair's Intoxication'
 23379 | D:13     | XOM: summons friendly ufetubus
 23398 | D:13     | Found a gate to the Vaults.
 23407 | D:13     | XOM: potion effect (agility)
 23505 | D:13     | Learned a level 1 spell: Apportation
 23563 | D:13     | XOM: silly message
 23573 | D:13     | XOM: potion effect (might)
 23574 | D:13     | XOM: summons 2 friendly demons
 23689 | D:13     | XOM: noise
 23803 | D:13     | Reached skill level 17 in Bows
 23916 | D:12     | XOM: medium Pois miscast
 23930 | D:12     | XOM: confusion
 23943 | D:12     | XOM: enchant monster (bad)
 23945 | D:12     | XOM: polymorph green ugly thing -> minotaur
 23948 | D:12     | XOM: polymorph minotaur -> catoblepas
 23967 | D:12     | XOM: enchant monster (bad)
 23980 | D:12     | XOM: destruction
 24027 | D:12     | XOM: medium Ice miscast
 24028 | D:12     | XOM: potion effect (invisibility)
 24078 | D:12     | XOM: polymorph catoblepas -> death yak
 24197 | D:13     | XOM: noise
 24203 | D:13     | XOM: harmless Fire miscast
 24243 | D:13     | XOM: swap monsters
 24308 | D:13     | XOM: divine lightning
 24407 | D:13     | Learned a level 2 spell: Corpse Rot
 24457 | D:13     | XOM: harmless Summ miscast
 24507 | D:13     | XOM: blink monster(s)
 24688 | D:13     | XOM: polymorph four-headed hydra -> minotaur
 24716 | D:13     | XOM: confusion (+ monsters)
 24778 | D:13     | XOM: summons 7 hostile demons
 24933 | D:13     | XOM: harmless Tmut miscast
 24936 | D:13     | XOM: torment (35/119 hp)
 25085 | D:13     | XOM: medium Pois miscast
 25208 | D:13     | Identified the +7 scythe "Vesoy" {venom, rN+} (You bought it in a shop on level 2 of the Orcish Mines)
 25380 | D:14     | Reached XP level 15. HP: 112/126 MP: 20/20
 25485 | D:14     | XOM: summons 15 friendly demons
 25638 | D:14     | XOM: noise
 25755 | D:14     | Reached skill level 18 in Bows
 25874 | D:14     | XOM: potion effect (haste)
 26160 | D:14     | XOM: divination: detect creatures
 26340 | D:15     | Entered Level 15 of the Dungeon
 26576 | D:15     | XOM: silly message
 26605 | D:15     | Reached skill level 5 in Charms
 26605 | D:15     | XOM: harmless Hex miscast
 26606 | D:15     | XOM: potion effect (berserk rage)
 26627 | D:15     | XOM: smoke on damage
 26738 | D:15     | XOM: divination: magic mapping
 26748 | D:15     | Found a bloodstained altar of Trog.
 26748 | D:15     | Found a glowing silver altar of Zin.
 26749 | D:15     | Found a burning altar of Makhleb.
 26827 | D:15     | XOM: potion effect (brilliance)
 26871 | D:15     | XOM: potion effect (haste)
 26932 | D:15     | XOM: silly message
 26943 | D:15     | XOM: harmless Ice miscast
 26949 | D:15     | XOM: divination: detect items
 26961 | D:15     | XOM: mild Tmut miscast
 26999 | D:15     | XOM: divination: detect creatures
 27014 | D:15     | XOM: swap monsters
 27015 | D:15     | XOM: harmless Air miscast
 27047 | D:15     | XOM: summons 7 hostile demons
 27122 | D:15     | XOM: swap monsters
 27133 | D:15     | XOM: swap monsters
 27135 | D:15     | XOM: harmless Pois miscast
 27140 | D:15     | XOM: 2-stop teleportation journey
 27153 | D:15     | XOM: mild Hex miscast
 27207 | D:15     | XOM: polymorph troll -> yaktaur
 27483 | D:15     | XOM: smoke on damage
 27612 | D:15     | XOM: enchant monster (bad)
 27615 | D:15     | Reached skill level 19 in Bows
 27744 | D:15     | Found a staircase to the Depths.
 27841 | D:15     | XOM: harmless Fire miscast
 28007 | D:15     | XOM: confusion
 28383 | D:4      | Bought a potion of invisibility for 112 gold pieces
 28383 | D:4      | Bought 2 potions of ambrosia for 224 gold pieces
 28383 | D:4      | Bought a potion of cancellation for 112 gold pieces
 28383 | D:4      | Bought a potion of ambrosia for 112 gold pieces
 28383 | D:4      | Bought a potion of ambrosia for 112 gold pieces
 28383 | D:4      | Bought 2 potions of heal wounds for 140 gold pieces
 28383 | D:4      | Bought a potion of might for 56 gold pieces
 28383 | D:4      | Bought 2 potions of agility for 112 gold pieces
 28383 | D:4      | Bought a potion of might for 56 gold pieces
 28383 | D:4      | Bought a potion of haste for 140 gold pieces
 28383 | D:4      | Bought a potion of flight for 42 gold pieces
 28621 | Swamp:1  | Entered Level 1 of the Swamp
 28623 | Lair:2   | XOM: give mutations
 28623 | Lair:2   | Lost mutation: Your flesh is very cold resistant. (rC++) [Xom's mischief]
 28623 | Lair:2   | Lost mutation: Your skin changes colour to match your surroundings (Stealth+). [Xom's mischief]
 28623 | Lair:2   | Lost mutation: You are partially covered in yellow scales. (AC +2) [Xom's mischief]
 28623 | Lair:2   | Lost mutation: You occasionally shout uncontrollably at your foes. [Xom's mischief]
 28685 | Swamp:1  | Got a dazzling scale mail
 28704 | Swamp:1  | Identified the +3 scale mail of Seanoe {rF+ Int-3 Slay+4} (You found it on level 1 of the Swamp)
 28757 | Swamp:1  | XOM: scenery: create altars
 28826 | Swamp:1  | XOM: summons 7 hostile demons
 28897 | Swamp:1  | XOM: blink monster(s)
 29097 | Swamp:1  | XOM: confusion
 29107 | Swamp:1  | XOM: confusion
 29116 | Swamp:1  | XOM: divine lightning
 29118 | Swamp:1  | XOM: noise
 29126 | Swamp:1  | XOM: cast spell 'Olgreb's Toxic Radiance'
 29180 | Swamp:1  | Found a burning altar of Makhleb.
 29241 | Swamp:1  | XOM: harmless Ice miscast
 29424 | Swamp:2  | XOM is BORED!
 29424 | Swamp:2  | XOM: mild Tmut miscast
 29586 | Swamp:2  | XOM is BORED!
 29586 | Swamp:2  | XOM: enchant monster (bad)
 29889 | Swamp:2  | XOM: divination: detect items
 30007 | Swamp:3  | XOM: harmless Tmut miscast
 30044 | Swamp:2  | XOM: smoke on damage
 30302 | Swamp:3  | Reached skill level 10 in Fighting
 30317 | Swamp:3  | XOM: cast spell 'Summon Ice Beast'
 30392 | Swamp:3  | XOM: divination: detect items
 30398 | Swamp:3  | XOM: divination: detect items
 30430 | Swamp:3  | XOM: harmless Fire miscast
 30498 | Swamp:3  | XOM is BORED!
 30498 | Swamp:3  | XOM: harmless Pois miscast
 30535 | Swamp:3  | XOM: harmless Conj miscast
 30606 | Swamp:3  | XOM: mild Erth miscast
 30629 | Swamp:3  | XOM: mild Air miscast
 30765 | Swamp:3  | Noticed a thorn hunter
 30765 | Swamp:3  | XOM: summons friendly hellwing
 30780 | Swamp:3  | Killed a thorn hunter
 30852 | Swamp:3  | XOM: noise
 30870 | Swamp:3  | XOM: summons 3 hostile shadow creatures
 30912 | Swamp:2  | XOM: harmless Necr miscast
 30947 | Swamp:4  | Entered Level 4 of the Swamp
 30948 | Swamp:4  | Noticed a thorn hunter
 30964 | Swamp:4  | Killed a thorn hunter
 31067 | Swamp:4  | Noticed a thorn hunter
 31069 | Swamp:4  | XOM: confuse monster(s)
 31079 | Swamp:4  | XOM: potion effect (agility)
 31090 | Swamp:4  | Killed a thorn hunter
 31252 | Swamp:4  | Reached XP level 16. HP: 135/135 MP: 21/21
 31323 | Swamp:4  | XOM: potion effect (experience)
 31323 | Swamp:4  | Reached XP level 17. HP: 134/143 MP: 22/22
 31325 | Swamp:4  | XOM: enchant monster (good)
 31326 | Swamp:4  | XOM: blink monster(s)
 31352 | Swamp:4  | Reached skill level 20 in Bows
 31422 | Swamp:4  | XOM: swap monsters
 31492 | Swamp:4  | XOM: blink monster(s)
 31562 | Swamp:4  | XOM: blink monster(s)
 31576 | Swamp:4  | XOM: summons 4 friendly demons
 31631 | Swamp:4  | XOM: silly message
 31690 | Swamp:4  | Got a decaying rune of Zot
 31984 | Spider:1 | Entered Level 1 of the Spider Nest
 32016 | Lair:2   | XOM: harmless Erth miscast
 32017 | Lair:2   | XOM: divination: detect creatures
 32206 | Spider:1 | XOM: divination: magic mapping
 32221 | Spider:1 | XOM: harmless Chrm miscast
 32325 | Spider:1 | XOM: harmless Chrm miscast
 32386 | Spider:1 | XOM: 7-stop teleportation journey
 32577 | Spider:1 | XOM: divination: detect items
 32609 | Spider:1 | XOM: confuse monster(s)
 32919 | Spider:1 | XOM: confusion
 33376 | Spider:1 | XOM: harmless Tmut miscast
 33383 | Spider:2 | XOM: fog
 33453 | Spider:2 | XOM: polymorph redback -> salamander
 33454 | Spider:2 | XOM: polymorph salamander -> orb spider
 33459 | Spider:2 | XOM: give mutation
 33459 | Spider:2 | Gained mutation: You have a pair of small horns on your head. [Xom's grace]
 33483 | Spider:2 | XOM: summons 4 friendly demons
 33766 | Spider:2 | XOM: cleaving
 33768 | Spider:2 | XOM: summons 6 friendly demons
 33811 | Spider:2 | XOM: silly message
 33813 | Spider:1 | XOM: confuse monster(s)
 34022 | Spider:1 | XOM: medium Erth miscast
 34160 | Spider:2 | XOM: summons friendly crimson imp
 34298 | Spider:2 | XOM: cloud trail
 34402 | Spider:2 | XOM: polymorph white imp -> crimson imp
 34475 | Spider:2 | XOM: noise
 34526 | Spider:2 | XOM: give mutations
 34526 | Spider:2 | Gained mutation: You are clumsy. (Dex -2) [Xom's mischief]
 34526 | Spider:2 | Lost mutation: You are clumsy. (Dex -2) [Xom's mischief]
 34526 | Spider:2 | Lost mutation: You are covered in thick fur. (AC +2) [Xom's mischief]
 34526 | Spider:2 | Lost mutation: You are partially covered in molten scales. (AC +2) [Xom's mischief]
 35321 | Spider:3 | XOM: give mutations
 35321 | Spider:3 | Gained mutation: Your body sometimes deteriorates upon taking damage. [Xom's mischief]
 35321 | Spider:3 | Lost mutation: You have a pair of small horns on your head. [Xom's mischief]
 35321 | Spider:3 | Lost mutation: Your body sometimes deteriorates upon taking damage. [Xom's mischief]
 35371 | Spider:3 | XOM: 1-stop teleportation journey
 35662 | Spider:3 | XOM: confusion
 35753 | Spider:3 | Reached XP level 18. HP: 155/155 MP: 23/23
 35793 | Spider:3 | XOM: harmless Hex miscast
 35806 | Spider:3 | XOM: silly message
 36044 | Spider:3 | Got a warped hand crossbow
 36045 | Spider:3 | Identified the +1 hand crossbow of Puhafuse {flame, rF+ Dex+4 Stlth-} (You found it on level 3 of the Spider Nest)
 36123 | Spider:3 | XOM: harmless Air miscast
 36132 | Spider:3 | XOM: medium Hex miscast
 36223 | Spider:3 | XOM: medium Chrm miscast
 36252 | Spider:3 | Noticed Arachne
 36262 | Spider:3 | XOM: mild Air miscast
 36266 | Spider:3 | XOM: swap monsters
 36270 | Spider:3 | XOM: cleaving
 36274 | Spider:3 | XOM: cast spell 'Summon Butterflies'
 36284 | Spider:3 | XOM: fog
 36290 | Spider:3 | XOM: cleaving
 36304 | Spider:3 | Killed Arachne
 36343 | Spider:3 | XOM: cloud trail
 36387 | Spider:3 | Reached skill level 10 in Dodging
 36545 | Spider:4 | Entered Level 4 of the Spider Nest
 36545 | Spider:4 | Noticed bartek7090's ghost (adept DsFi)
 36587 | Spider:4 | Noticed Roxanne
 36741 | Spider:4 | XOM: summons 5 friendly demons
 36762 | Spider:4 | XOM: summons friendly shadow imp
 36766 | Spider:4 | XOM: polymorph shadow imp -> crimson imp
 36862 | Spider:4 | XOM: 10-stop teleportation journey
 36897 | Spider:4 | XOM: god gift: throwing net
 36992 | Spider:4 | XOM: confuse monster(s)
 37086 | Spider:4 | XOM: potion effect (agility)
 37093 | Spider:4 | XOM: enchant monster (bad)
 37102 | Spider:4 | XOM: medium Air miscast
 37165 | Spider:4 | XOM: smoke on damage
 37184 | Spider:4 | XOM: severe Tloc miscast
 37389 | Spider:4 | XOM: 1-stop teleportation journey
 37433 | Spider:4 | XOM: divination: detect items
 37437 | Spider:4 | XOM: summons friendly ufetubus
 37442 | Spider:4 | XOM: destruction
 37447 | Spider:4 | XOM: swap monsters
 37467 | Spider:4 | XOM: harmless Tmut miscast
 37491 | Spider:4 | XOM: swap monsters
 37569 | Spider:4 | XOM: enchant monster (bad)
 37612 | Spider:4 | Killed bartek7090's ghost
 37617 | Spider:4 | XOM: scenery: create altars
 37719 | Spider:4 | XOM: polymorph redback -> fire crab
 37934 | Spider:4 | XOM: cast spell 'Alistair's Intoxication'
 37950 | Spider:4 | XOM: enchant monster (good)
 37953 | Spider:4 | XOM: harmless Summ miscast
 37982 | Spider:4 | XOM: harmless Tmut miscast
 38023 | Spider:4 | XOM: harmless Conj miscast
 38089 | Spider:4 | XOM: divination: magic mapping
 38226 | Spider:4 | XOM: potion effect (might)
 38230 | Spider:4 | XOM: potion effect (might)
 38240 | Spider:4 | XOM: potion effect (invisibility)
 38437 | Spider:4 | XOM: harmless Summ miscast
 38567 | Spider:4 | XOM: mild Fire miscast
 38678 | Spider:4 | XOM: give mutations
 38678 | Spider:4 | Gained mutation: You occasionally shout uncontrollably at your foes. [Xom's mischief]
 38678 | Spider:4 | Gained mutation: Scrolls take you a little longer to read. [Xom's mischief]
 38678 | Spider:4 | Gained mutation: You sometimes yell uncontrollably at your foes. [Xom's mischief]
 38699 | Spider:4 | XOM: enchant monster (bad)
 38701 | Spider:4 | XOM: scenery: create altars
 38709 | Spider:4 | XOM: give mutations
 38709 | Spider:4 | Lost mutation: You sometimes yell uncontrollably at your foes. [Xom's mischief]
 38709 | Spider:4 | Lost mutation: Your flesh is cold resistant. (rC+) [Xom's mischief]
 38709 | Spider:4 | Gained mutation: You are clumsy. (Dex -2) [Xom's mischief]
 38735 | Spider:4 | XOM: harmless Hex miscast
 38757 | Spider:4 | XOM: enchant monster (bad)
 38760 | Spider:4 | XOM: harmless Tmut miscast
 38829 | Spider:4 | XOM: polymorph redback -> mana viper
 38842 | Spider:4 | XOM: harmless Tmut miscast
 39204 | Spider:4 | XOM: summons 7 friendly demons
 39466 | Spider:4 | XOM: divination: detect creatures
 39837 | Spider:4 | XOM: potion effect (agility)
 39913 | Spider:4 | Reached skill level 10 in Armour
 39950 | Spider:4 | XOM: potion effect (haste)
 40071 | Spider:4 | XOM: summons friendly ufetubus
 40083 | Spider:4 | XOM: summons friendly iron imp
 40243 | Spider:4 | Got a gossamer rune of Zot
 40255 | Spider:4 | XOM: polymorph iron imp -> shadow imp
 40937 | Vaults:1 | Entered Level 1 of the Vaults
 41080 | Vaults:1 | XOM: give mutations
 41080 | Vaults:1 | Lost mutation: You are clumsy. (Dex -2) [Xom's grace]
 41080 | Vaults:1 | Gained mutation: You regenerate. [Xom's grace]
 41089 | D:13     | XOM: confusion
 41282 | Vaults:1 | XOM: divination: detect items
 41333 | D:13     | Gained mutation: You are partially covered in yellow scales. (AC +2) [mutagenic meat]
 41334 | D:13     | Lost mutation: Scrolls take you a little longer to read. [mutagenic meat]
 41335 | D:13     | Gained mutation: Your muscles are strong. (Str +2) [mutagenic meat]
 41346 | Vaults:1 | XOM: fog
 41435 | Vaults:1 | Gained mutation: You have a pair of small antennae on your head. [mutagenic meat]
 41436 | Vaults:1 | Lost mutation: You have a pair of small antennae on your head. [mutagenic meat]
 41437 | Vaults:1 | Gained mutation: You expend magic power (3 MP) to strengthen your wands. [mutagenic meat]
 41582 | Vaults:1 | XOM: confuse monster(s)
 41586 | Vaults:1 | XOM: fog
 41711 | Vaults:1 | XOM: potion effect (agility)
 41714 | Vaults:1 | Reached XP level 19. HP: 166/166 MP: 24/24
 41818 | Vaults:1 | XOM: smoke on damage
 41820 | Vaults:1 | XOM: potion effect (invisibility)
 41936 | Vaults:1 | XOM: smoke on damage
 42038 | Vaults:1 | XOM: mild Necr miscast
 42170 | Vaults:1 | XOM: cast spell 'Summon Ice Beast'
 42174 | Vaults:1 | XOM: divination: detect items
 42261 | Vaults:1 | XOM: cast spell 'Olgreb's Toxic Radiance'
 42394 | Vaults:1 | You fall through a shaft!
 42398 | Vaults:2 | XOM: confuse monster(s)
 42430 | Vaults:2 | XOM: summons 11 friendly demons
 42431 | Vaults:2 | XOM: confuse monster(s)
 42503 | Vaults:2 | XOM: scenery: create altars
 42549 | Vaults:2 | XOM: confuse monster(s)
 42870 | Vaults:2 | XOM: give mutations
 42870 | Vaults:2 | Gained mutation: You sometimes yell uncontrollably at your foes. [Xom's mischief]
 42870 | Vaults:2 | Lost mutation: You are covered in fur. (AC +1) [Xom's mischief]
 42902 | Vaults:2 | Noticed Mara
 42919 | Vaults:2 | Killed Mara
 43061 | Vaults:2 | XOM: fog
 43120 | Vaults:2 | XOM: cloud trail
 43249 | Vaults:2 | XOM: cast spell 'Disjunction'
 43253 | Vaults:2 | XOM: divination: detect creatures
 43285 | Vaults:2 | XOM: polymorph large slime creature -> alligator
 43694 | Vaults:2 | XOM: cloud trail
 43809 | Vaults:2 | Noticed a bone dragon
 43810 | Vaults:2 | Found a staircase to the Crypt.
 43846 | Vaults:2 | XOM: noise
 43849 | Vaults:2 | XOM: summons 9 hostile demons
 43871 | Vaults:2 | XOM: enchant monster (bad)
 43872 | Vaults:2 | XOM: enchant monster (bad)
 43876 | Vaults:2 | XOM: god gift: 25 arrows
 43880 | Vaults:2 | XOM: harmless Tmut miscast
 43996 | Vaults:2 | XOM: summons 2 friendly demons
 44019 | Vaults:2 | XOM: polymorph quasit -> shadow imp
 44030 | Vaults:2 | XOM: swap monsters
 44048 | Vaults:2 | XOM: noise
 44071 | Vaults:2 | Killed a bone dragon
 44120 | Vaults:2 | XOM: divination: detect items
 44653 | Vaults:1 | Learned a level 3 spell: Portal Projectile
 44711 | Vaults:1 | Reached skill level 1 in Hexes
 44808 | Vaults:1 | XOM: cloud trail
 44846 | Vaults:1 | XOM: blink monster(s)
 44847 | Vaults:1 | XOM: smoke on damage
 45072 | Vaults:1 | XOM: chaos upgrade
 45072 | Vaults:1 | Paralysed by an ogre for 6 turns
 45109 | Vaults:1 | XOM: confuse monster(s)
 45206 | Vaults:3 | XOM: enchant monster (bad)
 45284 | Vaults:3 | XOM: polymorph vault sentinel -> vault sentinel
 45418 | Vaults:3 | XOM: cleaving
 45564 | Vaults:3 | XOM: god gift: runed hat {god gift}
 45571 | Vaults:3 | Reached skill level 5 in Hexes
 45643 | Vaults:3 | XOM: summons 9 friendly demons
 45648 | Vaults:3 | Reached XP level 20. HP: 177/177 MP: 14/25
 45709 | Vaults:3 | XOM: god gift: scroll of random uselessness
 45811 | Vaults:3 | XOM: god gift: 6 tomahawks of dispersal
 45898 | Vaults:3 | XOM: 4-stop teleportation journey
 45937 | Vaults:3 | Identified Xom's Grimoire of the Thinker (Xom gifted it to you on level 3 of the Vaults)
 45937 | Vaults:3 | XOM: god gift: Xom's Grimoire of the Thinker
 45961 | Vaults:3 | XOM: cleaving
 45964 | Vaults:3 | XOM: scenery: create altars
 45992 | Vaults:3 | XOM: blink monster(s)
 46003 | Vaults:3 | XOM: summons 2 friendly demons
 46013 | Vaults:3 | XOM: cleaving
 46015 | Vaults:3 | XOM: polymorph yaktaur -> eye of draining
 46017 | Vaults:3 | XOM: destruction
 46020 | Vaults:3 | XOM: fake destruction
 46021 | Vaults:3 | XOM: polymorph yaktaur -> troll
 46031 | Vaults:3 | XOM: potion effect (might)
 46077 | Vaults:3 | XOM: mild Air miscast
 46270 | Vaults:3 | XOM: summons friendly crimson imp
 46378 | Vaults:3 | Learned a level 4 spell: Passage of Golubria
 46462 | Vaults:3 | XOM: harmless Tloc miscast
 46465 | Vaults:3 | XOM: divination: magic mapping
 46681 | Vaults:4 | XOM: mild Summ miscast
 46817 | Vaults:4 | XOM: cast spell 'Ring of Flames'
 46827 | Vaults:4 | XOM: enchant monster (bad)
 46892 | Vaults:4 | XOM: noise
 47136 | Vaults:4 | XOM: harmless Fire miscast
 47179 | Vaults:4 | XOM: confuse monster(s)
 47192 | Vaults:4 | XOM: noise
 47195 | Vaults:4 | Reached skill level 5 in Transmutations
 47324 | Vaults:4 | XOM: scenery: 4 doors close
 47361 | Vaults:4 | XOM: god gift: iridescent glaive {god gift}
 47408 | Vaults:4 | XOM: scenery: 1 doors close
 47410 | Vaults:4 | Reached skill level 5 in Earth Magic
 47466 | Vaults:4 | Identified the +6 glaive "Worm" {chaos, *Contam rElec Str+4 Dex+2} (Xom gifted it to you on level 4 of the Vaults)
 47640 | Vaults:4 | XOM: divination: detect items
 47651 | Vaults:4 | XOM: polymorph ironheart preserver -> minotaur
 47755 | Vaults:4 | XOM: smoke on damage
 47768 | Vaults:4 | XOM: smoke on damage
 47918 | Vaults:3 | XOM: enchant monster (good)
 48007 | Vaults:4 | XOM: destruction
 48026 | Vaults:4 | XOM: medium Summ miscast
 48511 | Vaults:4 | XOM: noise
 48559 | Vaults:4 | Reached skill level 15 in Fighting
 48639 | Vaults:4 | XOM: cast spell 'Leda's Liquefaction'
 48643 | Vaults:4 | XOM: confusion (+ monsters)
 49188 | Vaults:4 | XOM: noise
 49198 | Vaults:4 | XOM: divination: detect items
 49225 | Vaults:4 | XOM: noise
 49233 | Vaults:4 | XOM: enchant monster (good)
 49459 | Vaults:4 | XOM: potion effect (might)
 49800 | Orc:2    | Bought a runed bardiche for 432 gold pieces
 49854 | Orc:2    | XOM: cloud trail
 49863 | Elf:1    | Entered Level 1 of the Elven Halls
 49884 | Orc:2    | HP: 8/178 [something (19)]
 49884 | Orc:2    | Slain by a dire flail of draining

Skill      XL: |  1  2  3  4  5  6  7  8  9 10 11 12 13 14 15 16 17 18 19 20 |
---------------+-------------------------------------------------------------+-----
Polearms       | 3 4 5 6 7 9 11 12 13 14 | 14.2
Fighting       | 4 5 6 7 8 9 10 12 13 14 15 | 15.0
Bows           | 3 7 9 10 12 14 17 19 20 | 20.0
Dodging        | 1 2 4 5 6 7 8 9 10 11 | 11.6
Necromancy     | 3 5 6 |  6.0
Armour         | 2 3 4 5 6 7 9 10 11 | 11.0
Charms         | 1 4 6 |  6.1
Spellcasting   | 1 2 4 |  4.0
Transmutations | 2 4 6 |  6.3
Earth Magic    | 2 3 6 |  6.1
Translocations | 3 5 7 |  7.4
Hexes          | 5 7 |  7.0

Action                   |  1- 3 |  4- 6 |  7- 9 | 10-12 | 13-15 | 16-18 | 19-21 || total
-------------------------+-------+-------+-------+-------+-------+-------+-------++-------
Melee: Spear             |   117 |   155 |   247 |       |       |       |       ||   519
       Kick              |    12 |    26 |    56 |   125 |   485 |   292 |   302 ||  1298
       Peck              |       |       |    32 |    69 |   302 |   171 |   186 ||   760
       Glaive            |       |       |    17 |   234 |       |       |   661 ||   912
       Halberd           |       |       |       |   336 |  1898 |   724 |   250 ||  3208
       Shortbow          |       |       |       |       |     1 |       |       ||     1
       Longbow           |       |       |       |       |     1 |       |     3 ||     4
       Headbutt          |       |       |       |       |       |    24 |       ||    24
 Fire: Shortbow          |       |     6 |    80 |   336 |    93 |       |       ||   515
       Longbow           |       |       |       |       |   472 |  1116 |   397 ||  1985
Throw: Stone             |       |       |     1 |       |       |       |       ||     1
       Javelin           |       |       |       |     1 |     1 |       |       ||     2
       Throwing net      |       |       |       |       |       |     1 |     3 ||     4
 Cast: Animate Skeleton  |       |       |    12 |    68 |   127 |    26 |    99 ||   332
       Regeneration      |       |       |       |     2 |    26 |    27 |     5 ||    60
       Passwall          |       |       |       |     1 |       |       |       ||     1
       Blink             |       |       |       |       |       |     1 |       ||     1
       Portal Projectile |       |       |       |       |       |       |    11 ||    11
       Apportation       |       |       |       |       |       |       |     1 ||     1
 Abil: Evoke Flight      |       |       |       |       |     2 |     1 |       ||     3
Evoke: Wand              |       |       |       |     9 |    15 |     6 |     3 ||    33
       Lightning rod     |       |       |       |       |     8 |     4 |     4 ||    16
       Sack of spiders   |       |       |       |       |       |     2 |     1 ||     3
  Use: Scroll            |     1 |    10 |     2 |     9 |    18 |     5 |     8 ||    53
       Potion            |       |       |     4 |     1 |    13 |    15 |     8 ||    41
 Stab: Sleeping          |     1 |       |     2 |     2 |     2 |       |       ||     7
       Paralysed         |       |     2 |     6 |     2 |       |       |     1 ||    11
       Petrified         |       |     8 |    12 |       |       |       |       ||    20
       Confused          |       |       |     1 |       |    10 |     3 |     1 ||    15
       Distracted        |       |       |     1 |    10 |     9 |     3 |    14 ||    37
       Invisible         |       |       |       |     3 |     7 |     1 |    12 ||    23
       Held in net/web   |       |       |       |       |       |       |     1 ||     1
  Eat: Chunk             |       |     6 |     8 |    22 |    43 |    24 |    26 ||   129
       Royal jelly       |       |       |     1 |     1 |     1 |     6 |     1 ||    10
       Fruit             |       |       |       |       |    12 |     4 |       ||    16
       Meat ration       |       |       |       |       |     1 |       |       ||     1
Armor: Leather armour    |    30 |    26 |    62 |    52 |       |       |       ||   170
       Chain mail        |       |     3 |       |       |       |       |       ||     3
       Ring mail         |       |       |       |   151 |   203 |       |       ||   354
       Scale mail        |       |       |       |       |   719 |   618 |   298 ||  1635
       Skin              |       |       |       |       |       |    67 |       ||    67
Dodge: Dodged            |    31 |    20 |    74 |   234 |  1012 |   920 |   559 ||  2850
Block: Other             |       |       |       |    63 |   192 |       |       ||   255
       Reflection        |       |       |       |       |     5 |       |       ||     5
